 Dungeon Crawl Stone Soup version 0.21.1-1-g345015f (webtiles) character file.

4047 kae the Martial Artist (level 10, -18/83 HPs)
             Began as a Demonspawn Monk on Apr 25, 2018.
             Was a Priest of Wu Jian.
             Demolished by a two-headed ogre
             ... wielding a +0 dire flail
              (20 damage)
             ... on level 8 of the Dungeon.
             The game lasted 00:10:38 (10472 turns).

kae the Martial Artist (Demonspawn Monk)           Turns: 10472, Time: 00:10:39

Health: -18/83     AC:  9    Str: 18    XL:     10   Next: 4%
Magic:  10/10      EV: 12    Int: 14    God:    Wu Jian [***...]
Gold:   436        SH:  6    Dex: 18    Spells: 9/9 levels left

rFire    + . .     SeeInvis .     - Unarmed
rCold    + . .     Gourm    .   (no shield)
rNeg     . . .     Faith    .   k - +2 ring mail of Bofut {-Cast rF+ Int+2 Slay+2}
rPois    +         Spirit   .   m - +0 helmet
rElec    .         Reflect  .   (no cloak)
rCorr    .         Harm     .   (no gloves)
MR       .....     NoCast   +   d - +0 pair of boots of the Dice {Str+6}
Stlth    +++.......             (no amulet)
HPRegen  0.23/turn              (no ring)
MPRegen  0.12/turn              (no ring)

@: no status effects
A: claws 2, hooves 1, large bone plates 2, cold resistance 1, nightstalker 2,
poison resistance
a: Wall Jump, Serpent's Lash, Renounce Religion


You were on level 8 of the Dungeon.
You worshipped Wu Jian.
Wu Jian was most pleased with you.
You were hungry.

You visited 2 branches of the dungeon, and saw 9 of its levels.

You collected 436 gold pieces.

Inventory:

Hand Weapons
 c - a +2 short sword of freezing
 e - the +3 scimitar "Samn" {flame, Dex+2}
   (You found it on level 6 of the Dungeon)

   It has been specially enchanted to burn those struck by it, causing extra
   injury to most foes and up to half again as much damage against particularly
   susceptible opponents.
   Big, fiery blades are also staple armaments of hydra-hunters.
   It affects your dexterity (+2).
Armour
 d - the +0 pair of boots of the Dice (worn) {Str+6}
   (You found it on level 4 of the Dungeon)

   It affects your strength (+6).
 f - a +0 pair of boots
 k - the +2 ring mail of Bofut (worn) {-Cast rF+ Int+2 Slay+2}
   (You found it on level 4 of the Dungeon)

   It affects your intelligence (+2).
   It affects your accuracy and damage with ranged weapons and melee attacks
   (+2).
   It protects you from fire.
   It prevents spellcasting.
 m - a +0 helmet (worn)
Jewellery
 l - an uncursed amulet of faith {unknown}
Wands
 h - a wand of random effects (36)
 i - a wand of acid (6)
Scrolls
 j - a scroll of enchant weapon
 q - a scroll of identify
 r - a scroll of remove curse
 u - 2 scrolls of teleportation
Potions
 a - 2 potions of flight {unknown}
 n - a potion of brilliance
 o - 2 potions of haste
 s - 4 potions of curing
 t - a potion of lignification {unknown}
Books
 g - a book of Flames

   Spells                             Type                      Level
   a - Flame Tongue                   Conjuration/Fire             1
   b - Throw Flame                    Conjuration/Fire             2
   c - Conjure Flame                  Conjuration/Fire             3
   d - Inner Flame                    Hexes/Fire                   3
   e - Sticky Flame                   Conjuration/Fire             4
   f - Fireball                       Conjuration/Fire             5
Comestibles
 b - 16 rations
 p - 3 chunks of flesh


   Skills:
 + Level 9.0 Fighting
 - Level 2.6 Dodging
 - Level 1.7 Stealth
 * Level 11.1 Unarmed Combat


You had 9 spell levels left.
You didn't know any spells.

Dungeon Overview and Level Annotations

Branches:
Dungeon (8/15)             Temple (1/1) D:4
   Lair: D:8-11

Altars:
Ashenzari
Cheibriados
Elyvilon
Fedhas
Gozag
Kikubaaqudgha
Makhleb
Nemelex Xobeh
Okawaru
Qazlal
Ru
Sif Muna
Trog
Uskayaw
Vehumet
Wu Jian
Xom
Zin
The Shining One

Annotations:
D:7 Menkaure
D:8 exclusion: two-headed ogre


Innate Abilities, Weirdness & Mutations

You have very sharp fingernails.
You are mostly covered in large bone plates. (SH +6)
Your flesh is cold resistant. (rC+)
You are significantly more attuned to the shadows.
You have large cloven feet.
Your system is resistant to poisons. (rPois)


Message History

You repeatedly attack the two-headed ogre from above.
You completely miss the two-headed ogre.
The two-headed ogre is moderately wounded.
You claw the two-headed ogre! Your claw misses the two-headed ogre.
The two-headed ogre is heavily wounded.
You claw the two-headed ogre!
The two-headed ogre is severely wounded.
The two-headed ogre hits you with a dire flail!!
* * * LOW HITPOINT WARNING * * *
You block the two-headed ogre's attack.
The two-headed ogre hits you with a dire flail!
* * * LOW HITPOINT WARNING * * *
You block the two-headed ogre's attack.
Okay, then.
Okay, then.
You are feeling hungry.
The two-headed ogre hits you with a dire flail!
* * * LOW HITPOINT WARNING * * *
The two-headed ogre hits you with a giant club!!
You die...

.......##..##....# ####..##...
....##.....##....# #.....##...
#......##...#....######.###.##...
[...###*###.#.......##..# #.##.†.
....#### #..(...#.....####.##...
.##....## ##.......##.####.......
,*####.(####...##.###)......#....
,,* ##....#...#..#......##......
,,****####.....O@...###.[...##...
*,,,,*#####...>..#.#....#.#.##...
*,****#.....##..........#...#####
*,,**_#....(####...####...#..##
**,**,##.#.....#......###.##..###
,,,*,,,#.#.###...##.....#........
<***,,,###.# ##..####.#.####.####
,>*,,,,,*#.####)..###.#.# #.#
***,,,,,*##.....#.....#.## #.#


You could see a two-headed ogre.

Vanquished Creatures
  Erica (D:8)
  Pikel (D:7)
  The ghost of Tramtrist the Covert, a novice FeBe of Trog (D:7)
  Joseph (D:7)
  Edmund (D:6)
  An ice beast (D:8)
  4 slaves (D:7)
  A phantom (D:6)
  A centaur (D:8)
  2 ogres (D:6)
  5 bullfrogs
  2 scorpions
  8 wights
  2 howler monkeys (D:4)
  3 crimson imps
  2 hounds
  3 jellies (D:5)
  4 orc wizards
  A bullfrog skeleton (D:5)
  A centaur skeleton (D:4)
  2 iguanas
  7 worker ants
  2 worker ant zombies
  7 adders
  4 gnolls (D:4)
  2 shadow imps
  An adder zombie (D:6)
  3 adder skeletons
  A worm (D:5)
  2 dart slugs (D:1)
  4 leopard geckos
  17 orcs
  7 giant cockroaches
  9 goblins
  A hobgoblin (D:2)
  11 jackals
  4 kobolds
  5 quokkas
  4 ball pythons
  2 bats
  4 frilled lizards
  A giant cockroach zombie (D:3)
  A jackal skeleton (D:4)
  A jackal zombie (D:6)
  3 quokka skeletons
  A quokka zombie (D:8)
  4 rats
155 creatures vanquished.

Notes
Turn   | Place    | Note
-------+----------+-------------------------------------------
     0 | D:1      | kae the Demonspawn Monk began the quest for the Orb.
     0 | D:1      | Reached XP level 1. HP: 18/18 MP: 1/1
    53 | D:1      | Reached skill level 3 in Unarmed Combat
   213 | D:1      | Found a glowing golden altar of the Shining One.
   265 | D:1      | Gained mutation: You are slightly more attuned to the shadows. [demonic ancestry]
   265 | D:1      | Reached XP level 2. HP: 24/24 MP: 2/2
  1076 | D:2      | Gained mutation: You are partially covered in large bone plates. (SH +4) [demonic ancestry]
  1076 | D:2      | Reached XP level 3. HP: 25/29 MP: 3/3
  1333 | D:2      | Found an ancient bone altar of Kikubaaqudgha.
  1337 | D:2      | Found an iron altar of Okawaru.
  1892 | D:3      | Reached skill level 4 in Unarmed Combat
  1907 | D:3      | Gained mutation: You have sharp fingernails. [demonic ancestry]
  1907 | D:3      | Reached XP level 4. HP: 32/37 MP: 4/4
  2358 | D:3      | Found a sacrificial altar of Ru.
  2802 | D:4      | Gained mutation: You have very sharp fingernails. [demonic ancestry]
  2802 | D:4      | Reached XP level 5. HP: 29/42 MP: 5/5
  3094 | D:4      | Gained mutation: You have large cloven feet. [potion of mutation]
  3094 | D:4      | Gained mutation: Your system is resistant to poisons. (rPois) [potion of mutation]
  3123 | D:4      | HP: 1/42 [orc/flail (8)]
  3452 | D:4      | Found a staircase to the Ecumenical Temple.
  3465 | D:4      | Reached skill level 5 in Unarmed Combat
  3472 | Temple   | Entered the Ecumenical Temple
  3624 | Temple   | Became a worshipper of the Wu Jian Council
  3624 | Temple   | Reached * piety under Wu Jian
  3624 | Temple   | Reached ** piety under Wu Jian
  3721 | D:4      | Got a warped ring mail
  3732 | D:4      | Identified the +2 ring mail of Bofut {-Cast rF+ Int+2 Slay+2} (You found it on level 4 of the Dungeon)
  3771 | D:4      | Found a burning altar of Makhleb.
  3974 | D:4      | Got a pair of brightly glowing boots
  3985 | D:4      | Identified the +0 pair of boots of the Dice {Str+6} (You found it on level 4 of the Dungeon)
  4097 | D:4      | Gained mutation: You are mostly covered in large bone plates. (SH +6) [demonic ancestry]
  4097 | D:4      | Reached XP level 6. HP: 39/49 MP: 6/6
  4430 | D:5      | Entered Level 5 of the Dungeon
  4470 | D:5      | Reached skill level 5 in Fighting
  4470 | D:5      | Reached skill level 6 in Unarmed Combat
  4548 | D:5      | Reached XP level 7. HP: 21/56 MP: 7/7
  6284 | D:6      | Reached skill level 7 in Unarmed Combat
  6460 | D:6      | Reached XP level 8. HP: 40/64 MP: 8/8
  6538 | D:6      | Noticed Edmund
  6747 | D:6      | Killed Edmund
  7183 | D:6      | Reached skill level 8 in Unarmed Combat
  7317 | D:6      | Reached *** piety under Wu Jian
  8102 | D:6      | Got a dazzling scimitar
  8103 | D:6      | Identified the cursed +3 scimitar "Samn" {flame, Dex+2} (You found it on level 6 of the Dungeon)
  8110 | D:7      | Noticed Tramtrist's ghost (novice FeBe)
  8528 | D:7      | Noticed Joseph
  8529 | D:7      | Noticed Menkaure
  8791 | D:7      | Reached skill level 9 in Unarmed Combat
  9058 | D:7      | Noticed Pikel
  9088 | D:7      | Killed Pikel
  9088 | D:7      | Gained mutation: You are significantly more attuned to the shadows. [demonic ancestry]
  9088 | D:7      | Reached XP level 9. HP: 37/73 MP: 9/9
  9321 | D:7      | Killed Joseph
  9321 | D:7      | Reached skill level 10 in Unarmed Combat
  9589 | D:7      | Killed Tramtrist's ghost
 10064 | D:8      | Noticed a two-headed ogre
 10107 | D:8      | Noticed Erica
 10111 | D:8      | Killed Erica
 10111 | D:8      | Reached skill level 11 in Unarmed Combat
 10111 | D:8      | Gained mutation: Your flesh is cold resistant. (rC+) [demonic ancestry]
 10111 | D:8      | Reached XP level 10. HP: 72/82 MP: 10/10
 10472 | D:8      | HP: 2/83 [two-headed ogre/dire flail (15)]
 10472 | D:8      | Demolished by a two-headed ogre

Skill      XL: |  1  2  3  4  5  6  7  8  9 10 |
---------------+-------------------------------+-----
Unarmed Combat | 3 4 5 6 7 9 11 | 11.1
Fighting       | 4 5 6 7 8 9 |  9.0
Dodging        | |  2.6
Stealth        | |  1.7

Action                   |  1- 3 |  4- 6 |  7- 9 | 10-12 || total
-------------------------+-------+-------+-------+-------++-------
Melee: Unarmed           |    13 |       |     5 |    19 ||    37
       Short sword       |   121 |   191 |   229 |       ||   541
       Punch             |     2 |     2 |    15 |       ||    19
       Scimitar          |       |       |    95 |       ||    95
Invok: Lunge             |       |     3 |    20 |       ||    23
       Whirlwind         |       |     6 |    46 |     2 ||    54
       Wall Jump         |       |     1 |    24 |     4 ||    29
Evoke: Wand              |       |       |     1 |       ||     1
  Use: Scroll            |       |    11 |     7 |       ||    18
       Potion            |       |     3 |     5 |       ||     8
 Stab: Sleeping          |     3 |     5 |     9 |     1 ||    18
       Distracted        |       |       |       |     1 ||     1
  Eat: Chunk             |     3 |     8 |    15 |     1 ||    27
       Ration            |       |       |     1 |       ||     1
Armor: Robe              |     8 |       |       |       ||     8
       Ring mail         |    32 |    61 |    76 |     2 ||   171
Dodge: Dodged            |    96 |   138 |   154 |     3 ||   391
Block: Other             |    14 |    48 |    67 |     4 ||   133
       Rpst.: Scimitar   |       |       |    15 |       ||    15
